 Dungeon Crawl Stone Soup version 0.29-a0-982-gaed3a0c8d8 (webtiles) character file.

Game seed: 4364520554161281072

212 nickcage the Cudgeller (level 5, -1/45 HPs)
             Began as a Minotaur Abyssal Knight on Aug 1, 2022.
             Was a Priest of Lugonu.
             Slain by an adder (2 damage)
             ... on level 4 of the Dungeon.
             The game lasted 00:07:26 (3463 turns).

nickcage the Cudgeller (Minotaur Abyssal Knight)    Turns: 3463, Time: 00:07:26

Health: -1/45      AC:  5    Str: 19    XL:     5   Next: 58%
Magic:  5/5        EV: 11    Int:  7    God:    Lugonu [***...]
Gold:   206        SH:  0    Dex: 11    Spells: 4/4 levels left

rFire   . . .      SeeInvis .   a - +1 mace
rCold   . . .      Faith    .   (no shield)
rNeg    . . .      Spirit   .   b - +0 leather armour
rPois   .          Reflect  .   x - +1 hat
rElec   .          Harm     .   (no cloak)
rCorr   .          Rampage  .   l - +0 pair of gloves
Will    .....                   (no boots)
Stlth   +.........              (no amulet)
HPRegen 0.15/turn               (no ring)
MPRegen 0.09/turn               (no ring)

@: lethally poisoned (-1 -> -5), very slow
A: horns 2, retaliatory headbutt
a: Renounce Religion, Depart the Abyss, Bend Space, Banish


You were on level 4 of the Dungeon.
You worshipped Lugonu.
Lugonu was most pleased with you.
You visited 1 branch of the dungeon, and saw 4 of its levels.
You visited the Abyss 1 time.

You collected 206 gold pieces.

Inventory:

Hand Weapons
 a - a +1 mace (weapon)
 q - the +1 dagger "Punkib" {flame, rCorr}
   (You found it on level 2 of the Dungeon)

   It burns those it strikes, dealing additional fire damage.
   rCorr:     It protects you from acid and corrosion.
Missiles
 c - a throwing net
 i - 5 javelins (quivered)
Armour
 b - a +0 leather armour (worn)
 l - a +0 pair of gloves (worn)
 x - a +1 hat (worn)
Scrolls
 e - 2 scrolls of identify {unknown}
 f - a scroll of noise {unknown}
 h - 3 scrolls of fear {unknown}
 m - 2 scrolls of teleportation {unknown}
 n - a scroll of summoning {unknown}
 o - 2 scrolls of poison {unknown}
 u - a scroll of magic mapping {unknown}
 w - a scroll of torment {unknown}
Potions
 d - a potion of cancellation {unknown}
 g - a potion of lignification {unknown}
 j - a potion of curing {unknown}
 k - 2 potions of brilliance {unknown}
 p - a potion of invisibility {unknown}
 r - 2 potions of might {unknown}
 s - a potion of ambrosia {unknown}
 t - a potion of haste {unknown}
 v - a potion of flight {unknown}


   Skills:
 - Level 3.6 Fighting
 * Level 7.1 Maces & Flails
 - Level 2.4 Armour
 - Level 1.1 Dodging
 - Level 1.7 Invocations


You had 4 spell levels left.
You didn't know any spells.
Your spell library contained the following spells:

 Spells                   Type           Power      Damage    Failure   Level
 Foxfire                  Conj/Fire      0%         2x1d4     50%         1
 Call Canine Familiar     Summ           0%         N/A       86%         3
 Portal Projectile        Hex/Tloc       0%         N/A       86%         3
 Leda's Liquefaction      Hex/Erth       0%         N/A       99%         4


Dungeon Overview and Level Annotations

Branches:
Dungeon (4/15)
 Temple: D:4-7

Altars:
Makhleb
Okawaru
Vehumet

Portals:
Sewer: D:4


Innate Abilities, Weirdness & Mutations

You have a pair of horns on your head.
You reflexively headbutt those who attack you in melee.


Message History

Your unstable footing causes you to fumble your attack.
The quokka bites you. The adder barely misses you.
You closely miss the adder.
The adder is lightly wounded.
The adder bites you.
You are poisoned.
The adder poisons you! The quokka closely misses you. You furiously retaliate!
You headbutt the quokka!
You kill the quokka!
Lugonu accepts your kill. The adder completely misses you.
Your unstable footing causes you to fumble your attack.
You feel sick. The adder bites you.
* * * LOW HITPOINT WARNING * * *
You are more poisoned.
The adder poisons you!
Your unstable footing causes you to fumble your attack.
* * * LOW HITPOINT WARNING * * *
You feel very sick. The adder misses you.
The adder bites you but does no damage.
You completely miss the adder.
You feel sick. The adder bites you but does no damage.
You sock the adder!
The adder is almost dead.
You feel sick. The adder closely misses you.
You barely miss the adder.
The adder is almost dead.
You feel sick. The adder misses you. The adder bites you but does no damage.
Your unstable footing causes you to fumble your attack.
You feel sick. The adder bites you.
* * * LOW HITPOINT WARNING * * *
You are lethally poisoned!
The adder poisons you!
Your unstable footing causes you to fumble your attack.
* * * LOW HITPOINT WARNING * * *
You feel sick. The adder closely misses you.
Your unstable footing causes you to fumble your attack.
* * * LOW HITPOINT WARNING * * *
You feel sick. The adder bites you.
You die...

#### #### ##≈≈####≈≈##
#≈≈≈≈†≈≈≈≈≈#
##≈≈####≈≈##
#@##≈≈##≈# #†S≈≈∩≈#≈#
##### #≈≈≈≈≈≈#≈# #....
########≈≈##≈# #.###
#..##≈≈####≈≈## ##.#
#...≈≈≈†≈≈≈≈≈≈###.#.#
####
#.###≈≈####≈≈##<.###..
..# #.#
####..####..#.# ## #.#
#.# #......####.#


You could see an adder.

Vanquished Creatures
  A scorpion (D:3)
  An orc wizard (D:3)
  4 adders
  5 worms
  A dart slug (D:2)
  3 orcs (D:3)
  6 endoplasms
  4 giant cockroaches
  6 hobgoblins
  3 jackals (D:1)
  7 kobolds
  11 quokkas
  4 ball pythons
  5 bats
  3 frilled lizards
  7 goblins
  4 rats
75 creatures vanquished.

Vanquished Creatures (others)
  A fungus (D:1)
  7 plants (D:2)
8 creatures vanquished.

Grand Total: 83 creatures vanquished

Notes
Turn   | Place    | Note
-------+----------+-------------------------------------------
     0 | Abyss:1  | nickcage the Minotaur Abyssal Knight began the quest for
                  | the Orb.
     0 | Abyss:1  | Reached XP level 1. HP: 19/19 MP: 1/1
     1 | D:1      | Escaped the Abyss
   167 | D:1      | Reached skill level 3 in Maces & Flails
   382 | D:1      | Reached XP level 2. HP: 26/26 MP: 2/2
   388 | D:1      | Found a faded altar of an unknown god.
   395 | D:1      | Got Plato's Secrets of Combat Magic
   601 | D:1      | Reached skill level 4 in Maces & Flails
  1013 | D:2      | Reached XP level 3. HP: 31/31 MP: 3/3
  1015 | D:2      | Reached *** piety under Lugonu
  1321 | D:2      | Reached skill level 5 in Maces & Flails
  1435 | D:2      | Found a burning altar of Makhleb.
  1575 | D:2      | Identified the +1 dagger "Punkib" {flame, rCorr}
  1585 | D:2      | Reached XP level 4. HP: 37/39 MP: 4/4
  2251 | D:3      | Found a radiant altar of Vehumet.
  2337 | D:3      | Reached skill level 6 in Maces & Flails
  2521 | D:3      | Noticed a scorpion
  2531 | D:3      | Killed a scorpion
  2532 | D:3      | Reached XP level 5. HP: 9/45 MP: 5/5
  2908 | D:3      | Found an iron altar of Okawaru.
  3043 | D:3      | Reached skill level 7 in Maces & Flails
  3448 | D:4      | Found a glowing drain.
  3462 | D:4      | HP: 2/45 [poisoned by an adder]
  3463 | D:4      | Slain by an adder

Illustrated notes

Levels and vault maps discovered:
D:1:      wander_arrival_fairy_ring, layout_basic,
          shapermc_ecumenical_altar_rom_forum, chequers_serial_rivers_marsh,
          chequers_hall_statues_corner_a
D:2:      layout_basic, serial_bayou, serial_bayou_pond_b, serial_bayou_ford_a,
          serial_bayou_pond_e, serial_bayou_shore_b, basic_altar,
          minmay_fractal_squares_gapless_5
D:3:      layout_basic, kennysheep_okawaru_gauntlet, vehumet_crystals
D:4:      layout_loops_ring, gup_sewer_entry_bubbles,
          nicolae_concentric_dashed_squares_wild, nicolae_titane

Skill      XL: |  1  2  3  4  5 |
---------------+----------------+-----
Maces & Flails | 3 4 5 6 7 |  7.1
Fighting       | |  3.6
Armour         | |  2.4
Dodging        | |  1.1
Invocations    | |  1.7

Action                   |  1- 3 |  4- 6 || total
-------------------------+-------+-------++-------
Melee: Mace              |    82 |    77 ||   159
       Headbutt          |     3 |    11 ||    14
       Punch             |     1 |     1 ||     2
Throw: Javelin           |       |     2 ||     2
 Stab: Sleeping          |     1 |       ||     1
Armor: Leather armour    |    19 |    22 ||    41
Dodge: Dodged            |    53 |    40 ||    93

Table legend: (Time is in decaauts)
 A = Elapsed time spent in this place.
 B = Non-inter-level travel time spent in this place.
 C = Inter-level travel time spent in this place.
 D = Time resting spent in this place.
 E = Time spent auto-exploring this place.
 F = Levels seen in this place.
 G = Mean time per level.
                   A        B        C        D        E       F      G
               +--------+--------+--------+--------+--------+-----+--------+
         Total |   3511 |   3441 |     70 |    428 |   2477 |   5 |  702.2 |
       Dungeon |   3510 |   3440 |     70 |    428 |   2477 |   4 |  877.5 |
         Abyss |      1 |      1 |      0 |      0 |      0 |   1 |    1.0 |
               +--------+--------+--------+--------+--------+-----+--------+

Top non-repeatable levels by time:
     D:3: 1363 daAuts
     D:1: 1016 daAuts
     D:2: 1000 daAuts
     D:4: 130 daAuts
 Abyss:1: 1 daAuts
